 Dungeon Crawl Stone Soup version 0.24.0-123-gd5b16e6ec5 (webtiles) character file.

Game seed: 8132819186124111979, levelgen mode: deterministic

76 McKennaii the Conjurer (level 4, 0/33 HPs)
             Began as a Draconian Conjurer on Jan 25, 2020.
             Slain by a river rat (3 damage)
             ... on level 3 of the Dungeon.
             The game lasted 00:03:09 (1957 turns).

McKennaii the Conjurer (Draconian Conjurer)         Turns: 1957, Time: 00:03:10

Health: 0/33       AC:  6    Str: 11    XL:     4   Next: 12%
Magic:  0/8        EV: 18    Int: 16    God:
Gold:   103        SH:  0    Dex: 16    Spells: 7/8 levels left

rFire    . . .     SeeInvis .   i - staff of earth
rCold    . . .     Gourm    .   (no shield)
rNeg     . . .     Faith    .   (armour unavailable)
rPois    .         Spirit   .   (helmet restricted)
rElec    .         Reflect  .   (no cloak)
rCorr    .         Harm     .   (no gloves)
MR       .....                  f - +0 pair of boots
Stlth    +++.......             (no amulet)
HPRegen  0.11/turn              (no ring)
MPRegen  0.11/turn              (no ring)

@: agile, flying
A: unfitting armour, cold-blooded, AC +5
a: no special abilities


You were on level 3 of the Dungeon.
You were hungry.

You visited 1 branch of the dungeon, and saw 3 of its levels.

You collected 103 gold pieces.

Inventory:

Armour
 f - a +0 pair of boots (worn)
Magical Staves
 i - an uncursed staff of earth (weapon)
Scrolls
 a - 3 scrolls of teleportation {unknown}
 d - 2 scrolls of remove curse {unknown}
 g - 2 scrolls of identify {unknown}
Comestibles
 b - a ration


   Skills:
 + Level 2.0 Dodging
 + Level 2.0 Stealth
 * Level 2.7 Spellcasting
 + Level 5.0 Conjurations


You had 7 spell levels left.
You knew the following spells:

 Your Spells              Type           Power        Failure   Level  Hunger
a - Magic Dart            Conj           ###.         2%          1    #......

Your spell library contained the following spells:

 Spells                   Type           Power        Failure   Level  Hunger
 Searing Ray              Conj           ###...       3%          2    ##.....
 Dazzling Spray           Conj/Hex       ##....       21%         3    ###....
 Iskenderun's Mystic Bla  Conj           ###.....     24%         4    #####..
 Force Lance              Conj/Tloc      ##......     56%         4    #####..
 Fulminant Prism          Conj/Hex       ##........   56%         4    #####..


Dungeon Overview and Level Annotations

Branches:
Dungeon (3/15)

Altars:
Ru

Annotations:
D:2 Sigmund


Innate Abilities, Weirdness & Mutations

Your plain brown scales are hard. (AC +5)
You cannot fit into any form of body armour.
You are cold-blooded and may be slowed by cold attacks.


Message History

You fly up into the air.
The kobold throws a stone.
The stone closely misses you. The river rat closely misses you.
You hit the river rat. You tail-slap the river rat.
The river rat is almost dead.
The kobold throws a stone.
The stone hits you but does no damage. The river rat completely misses you.
You hit the river rat but do no damage.
The river rat is almost dead.
The kobold throws a stone.
The stone misses you. The river rat completely misses you.
Your magical contamination has completely faded away.
You hit the river rat but do no damage.
The river rat is almost dead.
The river rat closely misses you.
You hit the river rat but do no damage. You tail-slap the river rat.
The river rat is almost dead.
The kobold misses you.
The river rat twitches its whiskers.
The river rat bites you.
You die...

#...# #........
...##########.#..#.#
#.##...............##
###.##................#
#...†.......##......#
#†#.##......##......#
#)#.##......##..'#
....##......##..#≈r#
#..####.....K@r.## ≈#
#..# ##.#######(# ≈#
#... ..<#######.# #.#
#........#......## .##
....##.#.####..# ...#
.##.##.#.##...## #..#
#.†.......#.# #..####
####.#.####^######......
#.#..............#


You could see a river rat and a kobold.

Vanquished Creatures
  A hound (D:3)
  A river rat (D:3)
  2 oozes
  A dart slug (D:3)
  2 ball pythons (D:1)
  3 giant cockroaches
  4 goblins
  A hobgoblin (D:2)
  7 kobolds
  3 frilled lizards
  2 rats (D:2)
27 creatures vanquished.

Notes
Turn   | Place    | Note
-------+----------+-------------------------------------------
     0 | D:1      | McKennaii the Draconian Conjurer began the quest for the
                  | Orb.
     0 | D:1      | Reached XP level 1. HP: 14/14 MP: 3/3
   305 | D:1      | Reached XP level 2. HP: 20/20 MP: 3/5
  1254 | D:2      | Found a sacrificial altar of Ru.
  1668 | D:2      | Reached XP level 3. HP: 26/26 MP: 3/6
  1691 | D:2      | Noticed Sigmund
  1939 | D:3      | Reached skill level 5 in Conjurations
  1939 | D:3      | Reached XP level 4. HP: 19/33 MP: 0/8
  1957 | D:3      | Slain by a river rat

Levels and vault maps discovered:
D:1:      kennysheep_arrival_seaside, layout_loops_ring, minmay_door_square
D:2:      layout_loops_corners, nicolae_ru_sacrificial_ziggurat, uniq_sigmund
D:3:      layout_loops_cross, gup_sewer_entry_bowl,
          chequers_ecumenical_altar_grove, uniq_robin

Skill      XL: |  1  2  3 |
---------------+----------+-----
Stealth        | 2 |  2.0
Dodging        | 2 |  2.0
Conjurations   | 5 |  5.0
Spellcasting   | |  2.7

Action                   |  1- 3 |  4- 6 || total
-------------------------+-------+-------++-------
Melee: Unarmed           |    18 |       ||    18
       Tailslap          |     3 |     3 ||     6
       Staff             |    13 |    14 ||    27
 Cast: Magic Dart        |    59 |     2 ||    61
  Use: Potion            |     1 |     2 ||     3
  Eat: Ration            |     1 |       ||     1
Armor: Skin              |    17 |     4 ||    21
Dodge: Dodged            |    30 |    25 ||    55
